 Seeded DCSS version 0.30.1 (webtiles) character file.

Game seed: 18007716519941398942 (custom seed)

3579 oldmanjim the Insei (level 9, -8/74 HPs)
             Began as a Red Draconian Transmuter on July 6, 2023.
             Was a Believer of Uskayaw.
             Mangled by Erica
             ... wielding a +3 scimitar of flaming
              (14 damage)
             ... on level 8 of the Dungeon on July 8, 2023.
             The game lasted 00:57:33 (9130 turns).

oldmanjim the Insei (Red Draconian Transmuter)      Turns: 9130, Time: 00:57:34

Health: -8/74      AC:  6    Str: 12    XL:     9   Next: 84%
Magic:  13/15      EV: 20    Int: 18    God:    Uskayaw [**....]
Gold:   1331       SH:  0    Dex: 17    Spells: 4/16 levels left

rFire   . . .        a - melded staff of fire "Qeasib Astatz" {rElec rF+ Str-4 Int+4 Dex+4}
rCold   . . .        (shield currently unavailable)
rNeg    . . .        (body armour unavailable)
rPois   x            (helmet currently unavailable)
rElec   .            t - melded +0 cloak
rCorr   .            (gloves currently unavailable)
SInv    .            A - melded +0 pair of boots
Will    +....        l - amulet of the acrobat
Stlth   ++           v - +4 ring of protection
HPRegen 0.32/turn    y - ring of willpower
MPRegen 0.14/turn

%: acrobat
@: short of breath, spider-form
A: venomous fangs, (breathe fire), AC +7, tiny, unfitting armour, (fire
resistance 1), (cold-blooded)
a: End Transformation, Renounce Religion, Stomp, Line Pass


You were on level 8 of the Dungeon.
You worshipped Uskayaw.
Uskayaw was noncommittal.
You were a venomous arachnid creature.
You visited 2 branches of the dungeon, and saw 9 of its levels.

You collected 1705 gold pieces.
You spent 374 gold pieces at shops.

Inventory:

Hand Weapons
 c - a +0 sling
 x - the +2 hand axe "Plog" {drain, +Blink rCorr}
   (You found it on level 2 of the Dungeon)

   +Blink:    It lets you blink.
   rCorr:     It protects you from acid and corrosion.
Missiles
 d - 42 poisoned darts
 i - 78 stones (quivered)
 D - 6 atropa-tipped darts
 N - a curare-tipped dart
Armour
 t - a +0 cloak (melded)
 A - a +0 pair of boots (melded)
Magical Staves
 a - the staff of fire "Qeasib Astatz" (melded) {rElec rF+ Str-4 Int+4 Dex+4}
   (You acquired it on level 1 of the Dungeon)

   [staff of fire]

   Base accuracy: +5 Base damage: 5 Base attack delay: 1.2 This weapon's minimum
   attack delay (0.6) is reached at skill level 12.
   Str:       It affects your strength (-4).
   Int:       It affects your intelligence (+4).
   Dex:       It affects your dexterity (+4).
   rF:        It protects you from fire.
   rElec:     It insulates you from electricity.
   It falls into the 'Staves' category.
   It is a two-handed weapon.
Jewellery
 e - an amulet of faith
 l - an amulet of the acrobat (around neck)
 v - a +4 ring of protection (left front pincers)
 y - a ring of willpower (right front pincers)
 F - a ring of positive energy
Wands
 u - a wand of mindburst (8)
 J - a wand of polymorph (11)
Scrolls
 b - 2 scrolls of magic mapping
 g - a scroll of butterflies
 h - 3 scrolls of enchant armour
 j - 2 scrolls of brand weapon
 k - a scroll of silence
 n - a scroll of immolation {unknown}
 q - 3 scrolls of fog
 w - 3 scrolls of amnesia
 C - 2 scrolls of vulnerability
 E - 2 scrolls of torment
 G - a scroll of blinking {unknown}
 H - 2 scrolls of enchant weapon
 I - 3 scrolls of teleportation
 M - a scroll of identify
Potions
 f - 2 potions of berserk rage
 m - 2 potions of might
 o - 3 potions of attraction
 p - a potion of heal wounds
 r - a potion of haste {unknown}
 s - a potion of lignification
 z - a potion of resistance {unknown}
 K - 2 potions of degeneration
 L - 2 potions of curing {unknown}
Miscellaneous
 B - a piece from Xom's chessboard (15/15)


   Skills:
 + Level 5.3 Fighting
 - Level 3.0 Dodging
 + Level 7.2 Unarmed Combat
 + Level 4.3 Spellcasting
 - Level 4.0 Conjurations
 - Level 7.0 Transmutations
 + Level 4.5 Fire Magic
 - Level 2.0 Ice Magic
 - Level 4.0 Poison Magic
 + Level 1.7 Invocations


You had 4 spell levels left.
You knew the following spells:

 Your Spells              Type           Power      Damage    Failure   Level
a - Beastly Appendage     Tmut           58%        N/A       4%          1
b - Spider Form           Tmut/Pois      23%        N/A       14%         3
c - Ice Form              Ice/Tmut       20%        N/A       43%         4
d - Flame Wave            Conj/Fire      19%        2d7       45%         4

Your spell library contained the following spells:

 Spells                   Type           Power      Damage    Failure   Level
 Wereblood                Tmut           29%        N/A       6%          2
 Apportation              Tloc           6%         N/A       32%         1
 Necrotise                Necr           12%        1d4       32%         1
 Summon Small Mammal      Summ           12%        N/A       32%         1
 Inner Flame              Hex/Fire       12%        N/A       36%         3
 Dazzling Flash           Conj/Hex       22%        N/A       38%         3
 Blink                    Tloc           6%         N/A       43%         2
 Lesser Beckoning         Tloc           6%         N/A       43%         2
 Sticky Flame             Conj/Fire      19%        2d4       45%         4
 Gell's Gravitas          Tloc           3%         N/A       63%         3
 Teleport Other           Tloc           3%         N/A       63%         3
 Manifold Assault         Tloc           3%         N/A       93%         4
 Alistair's Intoxication  Tmut/Pois      15%        N/A       61%         5
 Fireball                 Conj/Fire      9%         3d6       77%         5
 Iskenderun's Battlesphe  Conj           18%        2d7       80%         5
 Eringya's Noxious Bog    Tmut/Pois      11%        N/A       98%         6
 Agony                    Necr           3%         N/A       99%         5
 Borgnjor's Vile Clutch   Necr/Erth      1%         N/A       99%         5
 Silence                  Hex/Air        1%         N/A       99%         5
 Conjure Ball Lightning   Conj/Air       5%         3x3d6     100%        6
 Orb of Destruction       Conj           9%         9d6       100%        7
 Storm Form               Tmut/Air       8%         N/A       100%        7


Dungeon Overview and Level Annotations

Branches:
Dungeon (8/15)             Temple (1/1) D:7
   Lair: D:8-11

Altars:
Ashenzari
Dithmenos
Elyvilon
Fedhas
Gozag
Hepliaklqana
Nemelex Xobeh
Qazlal
Ru
Sif Muna
Trog
Uskayaw
Wu Jian
Xom
Yredelemnul
Zin
The Shining One

Shops:
D:2 :   D:6 ?   D:7 (

Annotations:
D:7 1 runed translucent door, exclusion: door, Crazy Yiuf
D:8 Erica, Gastronok


Innate Abilities, Weirdness & Mutations

You are a venomous arachnid creature.
You have venomous fangs.
You are tiny and dextrous.
Your spellcasting is less reliable in this form.
Your armour is entirely melded.
You are incapable of wielding weapons or throwing items.
((You can breathe blasts of fire.))
((Your fiery red scales are hard. (AC +7)))
You cannot fit into any form of body armour.
((Your flesh is heat resistant. (rF+)))
((You are cold-blooded and may be slowed by cold attacks.))


Message History

Level annotation: Gastronok
There is a stone staircase leading up here.
Erica the Fiery-Tempered comes into view.
She is wielding a +3 scimitar of flaming and wearing a +1 robe of positive energy.
Found 23 gold pieces.
Erica shouts!
You hear a shout! x2
Erica gestures wildly while chanting.
Erica flickers and vanishes!
Deactivating autopickup; reactivate with Ctrl-A.
A gnoll comes into view. It is wielding a +0 whip.
A gnoll bouda comes into view. It is wielding a +0 whip.
A gnoll comes into view. It is wielding a +0 spear.
The gnoll shouts!
You hear a shout!
Aiming: Breathe Fire (4% risk of failure)
Press: ? - help, Shift-Dir - straight line You breathe a blast of fire.
The fiery breath hits something.
You hear a shout!
Casting: Spider Form (dangerous; 3% risk of failure)
Confirm with . or Enter, or press ? or * to list all spells.
You turn into a venomous arachnid creature.
The staff of fire "Qeasib Astatz" {rElec rF+ Str-4 Int+4 Dex+4} melds into your body.
Your +0 cloak melds into your body.
Your +0 pair of boots melds into your body.
You bite something! Something hits you! Something burns you.
You barely miss something. Something hits you! Something burns you.
You hit something. Something hits you. Something burns you.
You bite something!
You hear some strange, mumbled words.
A lance of force appears from out of thin air!
The lance of force hits you!
* * * LOW HITPOINT WARNING * * *
You are knocked back by the lance of force.
You slam into the rock wall!
* * * LOW HITPOINT WARNING * * *
You can now pass through a line of other dancers.
Something completely misses you.
The gnoll bouda barks out a call to the hunt!
The gnolls pick up the pace!
You barely miss something. Something barely misses you.
You hit something. Something hits you!
You die...

.. #...#)## .g
..#.#.<# #$
#.#.####.#.# #.
#.#.........
#.####.#..###.#
#?..g#....<...#
#..#g#.#.######
#..#{#.#.#
#..#s###.#
#..#.....#
#..####### ...#
....


You could see a gnoll bouda and a gnoll (swift).

Vanquished Creatures
  A kobold demonologist (D:6)
  Grinder (D:5)
  Eustachio (D:6)
  A water moccasin (D:6)
  2 ice beasts (D:7)
  A black bear (D:6)
  3 ogres
  3 centaurs
  2 kobold brigands (D:7)
  3 phantoms (D:5)
  Blork the orc (D:4)
  2 gnoll sergeants
  2 bullfrogs
  2 scorpions
  8 wights
  2 jellies
  3 gnoll boudas
  An orc priest (D:6)
  3 hounds
  A sleepcap (D:4)
  3 iguanas
  Ijyb (D:5)
  2 orc wizards (D:6)
  24 gnolls
  4 adders
  6 shadow imps
  2 white imps
  3 worms (D:2)
  4 dart slugs
  11 orcs
  3 bats
  10 endoplasms
  4 giant cockroaches
  11 goblins
  2 hobgoblins (D:1)
  6 jackals
  4 quokkas
  7 ball pythons
  4 frilled lizards
  20 kobolds
  6 rats
  A butterfly (D:3)
181 creatures vanquished.

Notes
Turn   | Place    | Note
-------+----------+-------------------------------------------
     0 | D:1      | oldmanjim the Draconian Transmuter began the quest for the
                  | Orb.
     0 | D:1      | Reached XP level 1. HP: 16/16 MP: 3/3
   251 | D:1      | Reached XP level 2. HP: 23/23 MP: 3/5
   461 | D:1      | Reached XP level 3. HP: 28/29 MP: 4/6
   467 | D:1      | Found a faded altar of an unknown god.
   467 | D:1      | Noticed a neqoxec
  1070 | D:1      | Learned a level 3 spell: Spider Form
  1086 | D:1      | Identified 3 scrolls of acquirement
  1086 | D:1      | Acquired the staff of fire "Qeasib Astatz" {rElec rF+ Str-4
                  | Int+4 Dex+4}
  1091 | D:1      | Acquired 416 gold pieces
  1095 | D:1      | Acquired 909 gold pieces
  1535 | D:2      | Found Lemucar's Book Boutique.
  1544 | D:2      | Reached XP level 4. HP: 31/36 MP: 7/7
  1619 | D:2      | Identified the +2 hand axe "Plog" {drain, +Blink rCorr}
  2108 | D:3      | Found a shimmering altar of Xom.
  2152 | D:3      | Found a glowing silver altar of Zin.
  2323 | D:3      | Learned a level 4 spell: Ice Form
  2620 | D:3      | Found a stormy altar of Qazlal.
  2706 | D:3      | Found a glowing golden altar of the Shining One.
  2929 | D:4      | Noticed Blork the orc
  2984 | D:4      | Noticed a scorpion
  2994 | D:4      | Killed a scorpion
  2995 | D:4      | Reached skill level 1 in Poison Magic
  2995 | D:4      | Reached XP level 5. HP: 40/41 MP: 4/9
  3144 | D:4      | Found an ornate altar of the Wu Jian Council.
  3226 | D:4      | Killed Blork the orc
  3227 | D:4      | Reached XP level 6. HP: 13/48 MP: 8/10
  3672 | D:4      | Found a sparkling altar of Nemelex Xobeh.
  3705 | D:5      | Entered Level 5 of the Dungeon
  3728 | D:5      | Reached skill level 1 in Ice Magic
  3947 | D:5      | Noticed Ijyb
  3952 | D:5      | Your scales start taking on a fiery red colour.
  3952 | D:5      | Reached XP level 7. HP: 48/57 MP: 4/11
  3952 | D:5      | Gained mutation: Your flesh is heat resistant. (rF+) [Red
                  | Draconian growth]
  3976 | D:5      | Reached skill level 5 in Unarmed Combat
  3979 | D:5      | Killed Ijyb
  3979 | D:5      | HP: 1/57 [phantom (6)]
  4184 | D:5      | Reached skill level 5 in Transmutations
  4295 | D:5      | Noticed Grinder
  4315 | D:5      | Killed Grinder
  4316 | D:5      | Reached XP level 8. HP: 44/63 MP: 8/13
  4487 | D:5      | Found a sacrificial altar of Ru.
  5437 | D:6      | Found a basalt altar of Yredelemnul.
  6004 | D:6      | Learned a level 4 spell: Flame Wave
  6173 | D:6      | Reached XP level 9. HP: 67/71 MP: 11/15
  6398 | D:6      | Noticed Eustachio
  6434 | D:6      | Killed Eustachio
  6435 | D:6      | Reached skill level 1 in Fire Magic
  6590 | D:6      | Noticed a kobold demonologist
  6608 | D:6      | Killed a kobold demonologist
  6692 | D:6      | Reached skill level 5 in Fighting
  6824 | D:6      | Found Bevuivysk's Magic Scroll Shop.
  6832 | D:6      | Bought a scroll of enchant armour for 112 gold pieces
  6832 | D:6      | Bought a scroll of enchant weapon for 112 gold pieces
  6832 | D:6      | Bought a scroll of vulnerability for 60 gold pieces
  6841 | D:6      | Bought a scroll of identify for 30 gold pieces
  6841 | D:6      | Bought a scroll of identify for 30 gold pieces
  6841 | D:6      | Bought a scroll of identify for 30 gold pieces
  7321 | D:7      | Reached skill level 1 in Conjurations
  7530 | D:7      | Found a staircase to the Ecumenical Temple.
  7539 | Temple   | Entered the Ecumenical Temple
  7697 | Temple   | Became a worshipper of Uskayaw the Reveller
  7718 | D:7      | Found Voneir's Antique Weapon Shop.
  7728 | D:7      | Reached * piety under Uskayaw
  7739 | D:7      | Reached ** piety under Uskayaw
  7748 | D:7      | Reached *** piety under Uskayaw
  7881 | D:7      | Found a bloodstained altar of Trog.
  7949 | D:7      | Reached **** piety under Uskayaw
  8331 | D:7      | Reached skill level 1 in Invocations
  8519 | D:7      | Found a runed translucent door.
  8520 | D:7      | Noticed Crazy Yiuf
  8844 | D:8      | Noticed Gastronok
  9116 | D:8      | Noticed Erica
  9130 | D:8      | Mangled by Erica

Illustrated notes

Levels and vault maps discovered:
D:1:      psy_arrival_dodecagon, layout_basic,
          dreamdust_ecumenical_altar_sealed_demon
D:2:      layout_loops_cross, serial_shops, shop, minmay_misc_feat_cross,
          glass_columns_c, minmay_ruptured
D:3:      layout_basic, xom_butterflies, nicolae_qazlal_scattered_showers,
          nicolae_overflow_crystal_walls, tso_oasis_becter
D:4:      layout_cave_pools, kennysheep_mini, nicolae_wu_jian_wuxing_cycle,
          serial_column_ruins, column_ruins_circle_small, column_ruins_grid_3,
          column_ruins_open_large, column_ruins_grid_1, column_ruins_grid_1,
          column_ruins_open_tiny, chequers_hall_statues_wall_a,
          chequers_serial_rivers_micro_c, uniq_blork_the_orc
D:5:      minmay_evil_eye, layout_rooms, nicolae_ru_the_path_less_chosen,
          uniq_ijyb, uniq_grinder
D:6:      layout_basic, mainiacjoe_overflow_paths, serial_shops,
          nicolae_shop_tiny_statue_garden, uniq_eustachio
D:7:      layout_basic, trog_three_pillars_becter,
          minmay_temple_entry_antechambers, serial_shops, shop,
          patterned_corridor, uniq_crazy_yiuf_cottage
D:8:      layout_basic, mainiacjoe_overflow_brackets, minmay_misc_feat_rows,
          uniq_erica, uniq_gastronok
Temple:   hellmonk_temple_forest_ring

Skill      XL: |  1  2  3  4  5  6  7  8  9 |
---------------+----------------------------+-----
Fighting       | 2 3 4 5 |  5.3
Spellcasting   | 3 4 |  4.3
Transmutations | 3 4 5 6 7 |  7.0
Poison Magic   | 1 2 3 4 |  4.0
Unarmed Combat | 4 5 7 |  7.2
Ice Magic      | 1 2 |  2.0
Dodging        | 3 |  3.0
Fire Magic     | 4 |  4.5
Conjurations   | 4 |  4.0
Invocations    | 1 |  1.7

Action                     |  1- 3 |  4- 6 |  7- 9 || total
---------------------------+-------+-------+-------++-------
  Melee: Unarmed           |    72 |    75 |   351 ||   498
         Kick              |    30 |    10 |     3 ||    43
         Tailslap          |     8 |     6 |     8 ||    22
         Punch             |     3 |     4 |       ||     7
         Headbutt          |    15 |    10 |       ||    25
         Staff             |    49 |    64 |    36 ||   149
  Throw: Stone             |       |       |     5 ||     5
   Cast: Beastly Appendage |    32 |    13 |     1 ||    46
         Spider Form       |       |    16 |    44 ||    60
Ability: Breathe Fire      |       |       |    13 ||    13
         End Transformatio |       |       |     1 ||     1
    Use: Scroll            |     3 |       |     9 ||    12
         Potion            |       |       |     4 ||     4
   Stab: Distracted        |     1 |       |     1 ||     2
         Sleeping          |       |     3 |       ||     3
         Paralysed         |       |       |     6 ||     6
 Armour: Skin              |    47 |    17 |    70 ||   134
  Dodge: Dodged            |    89 |   124 |   355 ||   568
